Login

San Jose Barracuda vs Ontario Reign

Created - 07 April 2024 at 23:10

Goals
1 2 3 T
San Jose Barracuda 0 1 6 7
Ontario Reign 0 1 2 3
Shots
1 2 3 T
San Jose Barracuda 2 2 21 25
Ontario Reign 4 8 8 20

GoalsPenalties
1st period
No Goal
No Penalty
2nd period
1. San Jose Barracuda , Martin Kaut 6 (William Eklund 10, Ozzy Wiesblatt 2) at 2:46
2. Ontario Reign , Mikhail Maltsev 4 (Tyson Jost 7) at 17:05 (PP)
Leon Gawanke (SJB) for Interference (Minor) at 17:01
Jacob Moverare (ONT) for Hooking (Minor) at 17:49
3rd period
3. San Jose Barracuda , William Eklund 14 (Ryan Carpenter 12, Martin Kaut 5) at 1:51 (PP)
4. San Jose Barracuda , Martin Kaut 7 (Kyle Burroughs 5, William Eklund 11) at 2:01
5. San Jose Barracuda , Scott Sabourin 1 (Nick Cicek 5) at 6:03
6. San Jose Barracuda , Oskar Lindblom 3 (Tristen Robins 3) at 8:31
7. Ontario Reign , Martin Chromiak 6 (Jordan Spence 4, Zach Fucale) at 9:40
8. San Jose Barracuda , Scott Sabourin 2 (Leon Gawanke 1, Ozzy Wiesblatt 3) at 13:13
9. Ontario Reign , Jaret Anderson-Dolan 5 (Jacob Moverare 6, Tobias Bjornfot 7) at 15:38
10. San Jose Barracuda , William Eklund 15 (Scott Sabourin 3) at 18:27
T.J. Tynan (ONT) for Tripping (Minor) at 1:35
Nick Cicek (SJB) for Slashing (Minor) at 3:48
Hayden Hodgson (ONT) for Slashing (Minor) at 13:20
Kyle Burroughs (SJB) for Close Hand On Puck (Minor) at 16:03
Goalie Stats
Eetu Makiniemi (SJB), 17 saves from 20 shots - (0.850), W, 5-0-0, 60:00 minutes
Matthew Berlin (ONT), 7 saves from 11 shots - (0.636), L, 5-4-1, 46:03 minutes
Zach Fucale (ONT), 11 saves from 14 shots - (0.786), 13:57 minutes
3 StarsOfficial
1 - William Eklund (SJB)
2 - Scott Sabourin (SJB)
3 - Martin Kaut (SJB)
Referees : Justin St. Pierre and Tom Chmielewski
Linesman : Travis Toomey and Kyle Larson
Game Note
Zach Fucale enters game at 6:03 of 3rd period
Finance
Level 1 -- Attendance: 1810 (90.50%) -- Ticket Income $63,350
Level 2 -- Attendance: 873 (87.30%) -- Ticket Income $13,095
Total Attendance: 2683 (89.43%)
Total Ticket Income: $76,445
Other Income: $37,458
Total Income: $113,903



Team Name Goals Shots Shots Attemp Shots Blocked PIM HIT PP PK FO%
San Jose Barracuda 7254666221 / 3 (33%)140%
Ontario Reign 32045106231 / 3 (33%)160%

San Jose Barracuda
Player Name POS G A P +/- PIM HIT SHT SB MP PP MP PP SHT PK MP PK SHT FO% FOT GA TA
Blade JenkinsLW0000020014:060:0001:0100% 000
Brandon CoeC000101109:470:0001:0000% 100
Cameron HillisC000100007:490:0000:0000% 000
Jacob MacDonaldD0000011121:351:5201:5700% 000
Kyle BurroughsD0111221224:172:2201:1600% 011
Leon GawankeD0113200115:020:0001:3600% 010
Martin KautRW2132004018:272:1400:0000% 100
Nathan ToddRW0001020017:221:5100:0000% 010
Nick CicekD0110202020:111:5200:3400% 000
Oskar LindblomLW1011013017:521:5100:3000% 021
Ozzy WiesblattRW0220001013:050:0900:0000% 000
Radim SimekD0000021025:382:2202:4100% 001
Ryan CarpenterC0112041019:382:1412:05046% 2400
Scott SabourinC2130053013:310:0900:00050% 201
Shakir MukhamadullinD0004000013:230:0000:0000% 000
Tristen RobinsC0111003119:161:5101:19044% 910
William EklundLW2243024124:562:2312:0900% 331
Zachary MassicotteD000000000:000:0000:0000% 000
Ontario Reign
Player Name POS G A P +/- PIM HIT SHT SB MP PP MP PP SHT PK MP PK SHT FO% FOT GA TA
Alex TurcotteC000-1011013:190:0000:00025% 401
Andre LeeRW000-300008:240:0800:0000% 000
Brandt ClarkeD000-2011220:351:3201:4600% 001
Cole KrygierD000000003:050:0000:0000% 000
Hayden HodgsonRW000-1221018:562:0400:420100% 100
Jacob MoverareD011-1201226:152:3001:2400% 011
Jaret Anderson-DolanC1011054020:161:5001:30063% 800
Joe HickettsD000-1000012:260:0000:2700% 000
Jordan SpenceD011-2011220:261:3201:3700% 010
Kevin ConnautonD000-1010012:450:0000:4600% 002
Martin ChromiakRW1010022017:091:5000:0000% 000
Mikhail MaltsevLW101-1013019:472:0412:2200% 200
Samuel HeleniusLW000-201009:470:0800:5300% 000
T.J. TynanLW0000204018:301:5000:4600% 100
Taylor WardRW000-1031012:180:0000:0000% 000
Tobias BjornfotD011-1021424:482:3002:2800% 011
Tyler MaddenLW000-1000013:000:0000:0000% 000
Tyson JostC011-3030023:572:1202:15071% 2423

San Jose Barracuda

5 vs 5 Forward
Line #Left WingCenterRight WingPHYDFOFWanted %Time %Time Play
1William EklundRyan CarpenterMartin Kaut1224030%15:36
2Oskar LindblomTristen RobinsNathan Todd1223030%15:31
3Blade JenkinsScott SabourinOzzy Wiesblatt1222025%12:48
4Cameron HillisBrandon CoeWilliam Eklund1221015%7:49
5 vs 5 Defense
Line #DefenseDefensePHYDFOFWanted %Time %Time Play
1Kyle BurroughsRadim Simek1224036%18:30
2Nick CicekJacob MacDonald1223034%17:46
3Leon GawankeShakir Mukhamadullin1222026%13:23
4Kyle BurroughsRadim Simek122104%2:05
Power Play Forward
Line #Left WingCenterRight WingPHYDFOFWanted %Time %Time Play
1William EklundRyan CarpenterMartin Kaut1226056%2:23
2Oskar LindblomTristen RobinsNathan Todd1224044%1:51
Power Play Defense
Line #DefenseDefensePHYDFOFWanted %Time %Time Play
1Kyle BurroughsRadim Simek1226056%2:22
2Nick CicekJacob MacDonald1224044%1:52
Penalty Kill 4 Players Forward
Line #CenterWingPHYDFOFWanted %Time %Time Play
1Ryan CarpenterWilliam Eklund1226088%3:32
2Tristen RobinsOskar Lindblom1224012%0:30
Penalty Kill 4 Players Defense
Line #DefenseDefensePHYDFOFWanted %Time %Time Play
1Kyle BurroughsRadim Simek1226067%2:41
2Nick CicekJacob MacDonald1224033%1:21
Penalty Kill 3 Players
Line #WingPHYDFOFWanted %Time %Time PlayDefenseDefensePHYDFOFWanted %Time %Time Play
1Ryan Carpenter122600%0:00 Kyle BurroughsRadim Simek122600%0:00
2Tristen Robins122400%0:00 Nick CicekJacob MacDonald122400%0:00
4 vs 4 Forward
Line #CenterWingPHYDFOFWanted %Time %Time Play
1Ryan CarpenterWilliam Eklund122600%0:00
2Tristen RobinsOskar Lindblom122400%0:00
4 vs 4 Defense
Line #DefensePHYDFOFWanted %Time %Time Play
1Kyle BurroughsRadim Simek122600%0:00
2Nick CicekJacob MacDonald122400%0:00
Last Minutes Offensive
Left WingCenterRight WingDefenseDefense
William EklundRyan CarpenterMartin KautKyle BurroughsRadim Simek
Last Minutes Defensive
Left WingCenterRight WingDefenseDefense
William EklundRyan CarpenterMartin KautKyle BurroughsRadim Simek
Time
Total ForwardTotal DefenseLast Minutes OffensiveLast Minutes Defensive
60:00 60:00 0:000:00
Extra Forwards
Normal PowerPlayPenalty Kill
Tristen Robins, Scott Sabourin, Brandon CoeTristen Robins, Scott SabourinTristen Robins
Extra Defensemen
Normal PowerPlayPenalty Kill
Jacob MacDonald, Leon Gawanke, Shakir MukhamadullinJacob MacDonald, Jacob MacDonaldLeon Gawanke
Penalty Shots
William Eklund, Oskar Lindblom, Ryan Carpenter, Martin Kaut, Tristen Robins
Goalie
Eetu Makiniemi, Adam Scheel
Custom OT Lines Forwards
William Eklund, Oskar Lindblom, Ryan Carpenter, Martin Kaut, Tristen Robins, Scott Sabourin, Brandon Coe, Nathan Todd, Ozzy Wiesblatt, Blade Jenkins
Custom OT Lines Defensemen
Kyle Burroughs, Radim Simek, Nick Cicek, Jacob MacDonald, Leon Gawanke
Scratches
Connor Corcoran (Healthy), Xavier Cormier (Healthy), Keaton Mastrodonato (Healthy), Jacob Peterson (Back Injury), Luke Richardson (Healthy)

Ontario Reign

5 vs 5 Forward
Line #Left WingCenterRight WingPHYDFOFWanted %Time %Time Play
1Mikhail MaltsevTyson JostHayden Hodgson1134231%15:54
2T.J. TynanJaret Anderson-DolanMartin Chromiak1133230%15:19
3Tyler MaddenAlex TurcotteTaylor Ward1222124%12:18
4Samuel HeleniusTyson JostAndre Lee122516%8:13
5 vs 5 Defense
Line #DefenseDefensePHYDFOFWanted %Time %Time Play
1Jacob MoverareTobias Bjornfot1224038%19:40
2Brandt ClarkeJordan Spence1223033%17:17
3Kevin ConnautonJoe Hicketts1312023%11:59
4Cole KrygierJacob Moverare131105%2:48
Power Play Forward
Line #Left WingCenterRight WingPHYDFOFWanted %Time %Time Play
1Mikhail MaltsevTyson JostHayden Hodgson1136055%2:12
2T.J. TynanJaret Anderson-DolanMartin Chromiak1134045%1:50
Power Play Defense
Line #DefenseDefensePHYDFOFWanted %Time %Time Play
1Jacob MoverareTobias Bjornfot1226062%2:30
2Brandt ClarkeJordan Spence1224038%1:32
Penalty Kill 4 Players Forward
Line #CenterWingPHYDFOFWanted %Time %Time Play
1Tyson JostMikhail Maltsev1316082%3:28
2Jaret Anderson-DolanT.J. Tynan1314018%0:46
Penalty Kill 4 Players Defense
Line #DefenseDefensePHYDFOFWanted %Time %Time Play
1Jacob MoverareTobias Bjornfot1316062%2:37
2Brandt ClarkeJordan Spence1314038%1:37
Penalty Kill 3 Players
Line #WingPHYDFOFWanted %Time %Time PlayDefenseDefensePHYDFOFWanted %Time %Time Play
1Tyson Jost140600%0:00 Jacob MoverareTobias Bjornfot221600%0:00
2Jaret Anderson-Dolan140400%0:00 Brandt ClarkeJordan Spence221400%0:00
4 vs 4 Forward
Line #CenterWingPHYDFOFWanted %Time %Time Play
1Tyson JostMikhail Maltsev122600%0:00
2Jaret Anderson-DolanT.J. Tynan122400%0:00
4 vs 4 Defense
Line #DefensePHYDFOFWanted %Time %Time Play
1Jacob MoverareTobias Bjornfot122600%0:00
2Brandt ClarkeJordan Spence122400%0:00
Last Minutes Offensive
Left WingCenterRight WingDefenseDefense
Mikhail MaltsevTyson JostHayden HodgsonJacob MoverareTobias Bjornfot
Last Minutes Defensive
Left WingCenterRight WingDefenseDefense
Mikhail MaltsevTyson JostHayden HodgsonJacob MoverareTobias Bjornfot
Time
Total ForwardTotal DefenseLast Minutes OffensiveLast Minutes Defensive
60:00 60:00 0:000:00
Extra Forwards
Normal PowerPlayPenalty Kill
Hayden Hodgson, T.J. Tynan, Tyler MaddenHayden Hodgson, T.J. TynanHayden Hodgson
Extra Defensemen
Normal PowerPlayPenalty Kill
Kevin Connauton, Joe Hicketts, Cole KrygierKevin Connauton, Kevin ConnautonJoe Hicketts
Penalty Shots
Tyson Jost, Jaret Anderson-Dolan, Mikhail Maltsev, Alex Turcotte, Hayden Hodgson
Goalie
Matthew Berlin, Zach Fucale
Custom OT Lines Forwards
Tyson Jost, Jaret Anderson-Dolan, Mikhail Maltsev, Alex Turcotte, Hayden Hodgson, T.J. Tynan, Tyler Madden, Martin Chromiak, Taylor Ward, Samuel Helenius
Custom OT Lines Defensemen
Jacob Moverare, Tobias Bjornfot, Brandt Clarke, Jordan Spence, Kevin Connauton
Scratches
Alex Laferriere (Healthy), Kim Nousiainen (Healthy), Akil Thomas (Healthy), Mark Sinclair (Healthy)


Play-by-Play

1st period


0:01 of 1st period - Tyson Jost wins face-off versus William Eklund in neutral zone.
0:47 of 1st period - Taylor Ward is hit by Scott Sabourin and loses puck.
1:08 of 1st period - Wrist shot by Alex Turcotte.
1:08 of 1st period - Shot Misses the Net.
1:22 of 1st period - William Eklund is hit by Brandt Clarke and loses puck.
1:41 of 1st period - Wrist shot by Jaret Anderson-Dolan.
1:41 of 1st period - Stopped by Eetu Makiniemi with a rebound.
1:43 of 1st period - Wrist shot by Jaret Anderson-Dolan.
1:43 of 1st period - Stopped by Eetu Makiniemi with a rebound.
2:23 of 1st period - Off-side.
2:24 of 1st period - Jaret Anderson-Dolan wins face-off versus Tristen Robins in neutral zone.
2:50 of 1st period - Tristen Robins is hit by Tyson Jost and loses puck.
2:55 of 1st period - Snap shot by Tyson Jost.
2:55 of 1st period - Shot Blocked by Kyle Burroughs.
2:57 of 1st period - Wrist shot by Mikhail Maltsev.
2:57 of 1st period - Shot Blocked by Tristen Robins.
2:59 of 1st period - Snap shot by Mikhail Maltsev.
2:59 of 1st period - Shot Misses the Net.
3:08 of 1st period - Off-side.
3:09 of 1st period - Ryan Carpenter wins face-off versus Alex Turcotte in neutral zone.
3:20 of 1st period - Snap shot by Tyler Madden.
3:20 of 1st period - Shot Misses the Net.
3:25 of 1st period - Off-side.
3:26 of 1st period - Tyson Jost wins face-off versus Scott Sabourin in neutral zone.
4:11 of 1st period - Wrist shot by Alex Turcotte.
4:11 of 1st period - Deflect By Tyler Madden.
4:11 of 1st period - Shot Misses the Net.
4:11 of 1st period - Puck is out of play.
4:12 of 1st period - Alex Turcotte wins face-off versus Tristen Robins in San Jose Barracuda zone.
5:30 of 1st period - Kyle Burroughs is hit by Samuel Helenius and loses puck.
5:43 of 1st period - Jacob Moverare is hit by Nathan Todd and loses puck.
7:54 of 1st period - Mikhail Maltsev is hit by Radim Simek and loses puck.
9:10 of 1st period - Nick Cicek is hit by Taylor Ward and loses puck.
10:26 of 1st period - Radim Simek is hit by Jaret Anderson-Dolan and loses puck.
12:37 of 1st period - Snap shot by Hayden Hodgson.
12:37 of 1st period - Stopped by Eetu Makiniemi with a rebound.
14:23 of 1st period - Jacob Moverare is hit by Kyle Burroughs and loses puck.
15:02 of 1st period - Snap shot by T.J. Tynan.
15:02 of 1st period - Stopped by Eetu Makiniemi with a rebound.
15:04 of 1st period - Slapshot by Tobias Bjornfot.
15:04 of 1st period - Deflect By Martin Chromiak.
15:04 of 1st period - Shot Misses the Net.
15:04 of 1st period - Puck is out of play.
15:05 of 1st period - Tristen Robins wins face-off versus Alex Turcotte in San Jose Barracuda zone.
15:46 of 1st period - Slapshot by Jacob MacDonald.
15:46 of 1st period - Shot Misses the Net.
15:50 of 1st period - Slapshot by Nick Cicek.
15:50 of 1st period - Shot Blocked by Jacob Moverare.
15:52 of 1st period - Wrist shot by William Eklund.
15:52 of 1st period - Stopped by Matthew Berlin with a rebound.
17:31 of 1st period - Jacob Moverare is hit by Ryan Carpenter and loses puck.
18:05 of 1st period - Icing by Radim Simek.
18:06 of 1st period - Jaret Anderson-Dolan wins face-off versus Tristen Robins in San Jose Barracuda zone.
19:00 of 1st period - Snap shot by Oskar Lindblom.
19:00 of 1st period - Deflect By Tristen Robins.
19:00 of 1st period - Shot Blocked by Tobias Bjornfot.
19:00 of 1st period - Puck is out of play.
19:01 of 1st period - Tristen Robins wins face-off versus T.J. Tynan in Ontario Reign zone.
19:45 of 1st period - Mikhail Maltsev is hit by Scott Sabourin and loses puck.
19:54 of 1st period - Wrist shot by Ozzy Wiesblatt.
19:54 of 1st period - Stopped by Matthew Berlin without a rebound.
19:55 of 1st period - Ryan Carpenter wins face-off versus Jaret Anderson-Dolan in Ontario Reign zone.
Goals for this period are 0 for San Jose Barracuda vs 0 for Ontario Reign.
Shots for this period are 2 for San Jose Barracuda vs 4 for Ontario Reign.

2nd period


0:01 of 2nd period - Tyson Jost wins face-off versus Ryan Carpenter in neutral zone.
0:31 of 2nd period - Wrist shot by Jaret Anderson-Dolan.
0:31 of 2nd period - Stopped by Eetu Makiniemi with a rebound.
0:33 of 2nd period - Slapshot by Jacob Moverare.
0:33 of 2nd period - Stopped by Eetu Makiniemi with a rebound.
0:35 of 2nd period - Backhand shot by Tobias Bjornfot.
0:35 of 2nd period - Stopped by Eetu Makiniemi without a rebound.
0:36 of 2nd period - Tyson Jost wins face-off versus Ryan Carpenter in San Jose Barracuda zone.
1:27 of 2nd period - Brandon Coe is hit by Martin Chromiak and loses puck.
1:52 of 2nd period - William Eklund is hit by Jaret Anderson-Dolan and loses puck.
1:57 of 2nd period - Snap shot by T.J. Tynan.
1:57 of 2nd period - Shot Misses the Net.
1:59 of 2nd period - Snap shot by T.J. Tynan.
1:59 of 2nd period - Shot Blocked by William Eklund.
2:01 of 2nd period - Wrist shot by T.J. Tynan.
2:01 of 2nd period - Stopped by Eetu Makiniemi without a rebound.
2:02 of 2nd period - Tristen Robins wins face-off versus Tyson Jost in San Jose Barracuda zone.
2:46 of 2nd period - Snap shot by Martin Kaut.
2:46 of 2nd period - Goal by Martin Kaut - San Jose Barracuda : 1 - Ontario Reign : 0.
2:47 of 2nd period - Tyson Jost wins face-off versus William Eklund in neutral zone.
3:14 of 2nd period - Off-side.
3:15 of 2nd period - Jaret Anderson-Dolan wins face-off versus Tristen Robins in neutral zone.
3:42 of 2nd period - Martin Kaut is hit by Mikhail Maltsev and loses puck.
4:26 of 2nd period - Backhand shot by T.J. Tynan.
4:26 of 2nd period - Stopped by Eetu Makiniemi with a rebound.
4:38 of 2nd period - Snap shot by Tobias Bjornfot.
4:38 of 2nd period - Shot Misses the Net.
4:40 of 2nd period - Snap shot by Mikhail Maltsev.
4:40 of 2nd period - Stopped by Eetu Makiniemi without a rebound.
4:41 of 2nd period - Tyson Jost wins face-off versus Brandon Coe in San Jose Barracuda zone.
4:48 of 2nd period - Wrist shot by Mikhail Maltsev.
4:48 of 2nd period - Stopped by Eetu Makiniemi without a rebound.
4:49 of 2nd period - Ryan Carpenter wins face-off versus Tyson Jost in San Jose Barracuda zone.
4:49 of 2nd period - Ryan Carpenter is hit by Tyson Jost.
5:41 of 2nd period - Wrist shot by William Eklund.
5:41 of 2nd period - Shot Misses the Net.
7:35 of 2nd period - Alex Turcotte is hit by Scott Sabourin.
9:04 of 2nd period - Kyle Burroughs is hit by Jaret Anderson-Dolan and loses puck.
9:25 of 2nd period - Tyson Jost is hit by Scott Sabourin and loses puck.
9:51 of 2nd period - Andre Lee is hit by Oskar Lindblom and loses puck.
10:19 of 2nd period - Wrist shot by Tyler Madden.
10:19 of 2nd period - Shot Misses the Net.
10:21 of 2nd period - Snap shot by Martin Chromiak.
10:21 of 2nd period - Shot Misses the Net.
10:55 of 2nd period - Blade Jenkins is hit by Alex Turcotte and loses puck.
12:00 of 2nd period - Martin Chromiak is hit by Ryan Carpenter and loses puck.
13:45 of 2nd period - Blade Jenkins is hit by Kevin Connauton.
14:21 of 2nd period - Alex Turcotte is hit by Jacob MacDonald and loses puck.
14:32 of 2nd period - Blade Jenkins is hit by Tyson Jost and loses puck.
15:26 of 2nd period - Leon Gawanke is hit by Tobias Bjornfot and loses puck.
16:24 of 2nd period - Kevin Connauton is hit by Blade Jenkins and loses puck.
17:01 of 2nd period - Minor Penalty to Leon Gawanke for Interference.
17:02 of 2nd period - Tyson Jost wins face-off versus Ryan Carpenter in San Jose Barracuda zone.
17:05 of 2nd period - Backhand shot by Mikhail Maltsev.
17:05 of 2nd period - Goal by Mikhail Maltsev - San Jose Barracuda : 1 - Ontario Reign : 1.
17:06 of 2nd period - Hayden Hodgson wins face-off versus William Eklund in neutral zone.
17:09 of 2nd period - Kyle Burroughs is hit by Hayden Hodgson and loses puck.
17:39 of 2nd period - Snap shot by Oskar Lindblom.
17:39 of 2nd period - Deflect By Jaret Anderson-Dolan.
17:39 of 2nd period - Stopped by Matthew Berlin with a rebound.
17:41 of 2nd period - Wrist shot by Nathan Todd.
17:41 of 2nd period - Shot Misses the Net.
17:43 of 2nd period - Snap shot by Tristen Robins.
17:43 of 2nd period - Shot Hit the Post.
17:49 of 2nd period - Minor Penalty to Jacob Moverare for Hooking.
17:50 of 2nd period - Ryan Carpenter wins face-off versus Tyson Jost in Ontario Reign zone.
19:49 of 2nd period - Penalty to Jacob Moverare is over, Jacob Moverare is back on ice.
19:50 of 2nd period - Jacob MacDonald is hit by Jordan Spence and loses puck.
Goals for this period are 1 for San Jose Barracuda vs 1 for Ontario Reign.
Shots for this period are 2 for San Jose Barracuda vs 8 for Ontario Reign.

3rd period


0:01 of 3rd period - Tyson Jost wins face-off versus Ryan Carpenter in neutral zone.
0:33 of 3rd period - Snap shot by Oskar Lindblom.
0:33 of 3rd period - Shot Misses the Net.
0:35 of 3rd period - Wrist shot by Nathan Todd.
0:35 of 3rd period - Shot Misses the Net.
0:53 of 3rd period - Snap shot by Alex Turcotte.
0:53 of 3rd period - Stopped by Eetu Makiniemi with a rebound.
1:05 of 3rd period - Slapshot by Nick Cicek.
1:05 of 3rd period - Deflect By Brandt Clarke.
1:05 of 3rd period - Stopped by Matthew Berlin with a rebound.
1:35 of 3rd period - Minor Penalty to T.J. Tynan for Tripping.
1:36 of 3rd period - Tyson Jost wins face-off versus Martin Kaut in Ontario Reign zone.
1:49 of 3rd period - Wrist shot by Ryan Carpenter.
1:49 of 3rd period - Stopped by Matthew Berlin with a rebound.
1:51 of 3rd period - Snap shot by William Eklund.
1:51 of 3rd period - Goal by William Eklund - San Jose Barracuda : 2 - Ontario Reign : 1.
1:52 of 3rd period - Tyson Jost wins face-off versus Ryan Carpenter in neutral zone.
2:01 of 3rd period - Wrist shot by Martin Kaut.
2:01 of 3rd period - Goal by Martin Kaut - San Jose Barracuda : 3 - Ontario Reign : 1.
2:02 of 3rd period - Ryan Carpenter wins face-off versus Mikhail Maltsev in neutral zone.
2:07 of 3rd period - Tyson Jost is hit by William Eklund and loses puck.
2:16 of 3rd period - Snap shot by Tyson Jost.
2:16 of 3rd period - Shot Misses the Net.
2:28 of 3rd period - T.J. Tynan is hit by Radim Simek and loses puck.
2:49 of 3rd period - Slapshot by Jordan Spence.
2:49 of 3rd period - Shot Blocked by Kyle Burroughs.
2:51 of 3rd period - Slapshot by Taylor Ward.
2:51 of 3rd period - Shot Misses the Net.
2:53 of 3rd period - Snap shot by Taylor Ward.
2:53 of 3rd period - Stopped by Eetu Makiniemi with a rebound.
3:13 of 3rd period - Snap shot by Brandon Coe.
3:13 of 3rd period - Stopped by Matthew Berlin without a rebound.
3:14 of 3rd period - Tyson Jost wins face-off versus Ryan Carpenter in Ontario Reign zone.
3:26 of 3rd period - Off-side.
3:27 of 3rd period - Tyson Jost wins face-off versus Ryan Carpenter in neutral zone.
3:40 of 3rd period - Wrist shot by Hayden Hodgson.
3:40 of 3rd period - Shot Misses the Net.
3:42 of 3rd period - Wrist shot by Hayden Hodgson.
3:42 of 3rd period - Shot Blocked by Jacob MacDonald.
3:48 of 3rd period - Minor Penalty to Nick Cicek for Slashing.
3:49 of 3rd period - Tyson Jost wins face-off versus Ryan Carpenter in San Jose Barracuda zone.
4:04 of 3rd period - Snap shot by Jacob Moverare.
4:04 of 3rd period - Shot Misses the Net.
4:14 of 3rd period - Snap shot by Jaret Anderson-Dolan.
4:14 of 3rd period - Shot Misses the Net.
4:22 of 3rd period - Jordan Spence is hit by Kyle Burroughs and loses puck.
5:43 of 3rd period - T.J. Tynan is hit by Brandon Coe and loses puck.
5:48 of 3rd period - Penalty to Nick Cicek is over, Nick Cicek is back on ice.
5:56 of 3rd period - Alex Turcotte is hit by Blade Jenkins and loses puck.
6:01 of 3rd period - Slapshot by Nick Cicek.
6:01 of 3rd period - Stopped by Matthew Berlin with a rebound.
6:03 of 3rd period - Snap shot by Scott Sabourin.
6:03 of 3rd period - Goal by Scott Sabourin - San Jose Barracuda : 4 - Ontario Reign : 1.
6:03 of 3rd period - Zach Fucale enters game.
6:04 of 3rd period - Tyson Jost wins face-off versus Tristen Robins in neutral zone.
6:43 of 3rd period - Martin Kaut is hit by Jaret Anderson-Dolan and loses puck.
7:20 of 3rd period - Nathan Todd is hit by Hayden Hodgson and loses puck.
7:33 of 3rd period - Oskar Lindblom is hit by Tobias Bjornfot and loses puck.
7:42 of 3rd period - Andre Lee is hit by Nathan Todd and loses puck.
7:55 of 3rd period - Wrist shot by Tristen Robins.
7:55 of 3rd period - Stopped by Zach Fucale with a rebound.
7:57 of 3rd period - Wrist shot by Tristen Robins.
7:57 of 3rd period - Shot Blocked by Jordan Spence.
7:59 of 3rd period - Wrist shot by Tristen Robins.
7:59 of 3rd period - Stopped by Zach Fucale with a rebound.
8:01 of 3rd period - Backhand shot by Leon Gawanke.
8:01 of 3rd period - Shot Blocked by Brandt Clarke.
8:07 of 3rd period - Snap shot by Oskar Lindblom.
8:07 of 3rd period - Stopped by Zach Fucale with a rebound.
8:09 of 3rd period - Wrist shot by Tristen Robins.
8:09 of 3rd period - Shot Blocked by Brandt Clarke.
8:27 of 3rd period - Snap shot by Tristen Robins.
8:27 of 3rd period - Stopped by Zach Fucale with a rebound.
8:29 of 3rd period - Snap shot by Tristen Robins.
8:29 of 3rd period - Shot Blocked by Jordan Spence.
8:31 of 3rd period - Slapshot by Oskar Lindblom.
8:31 of 3rd period - Goal by Oskar Lindblom - San Jose Barracuda : 5 - Ontario Reign : 1.
8:32 of 3rd period - Ryan Carpenter wins face-off versus Jaret Anderson-Dolan in neutral zone.
9:18 of 3rd period - Slapshot by Jacob MacDonald.
9:18 of 3rd period - Stopped by Zach Fucale with a rebound.
9:40 of 3rd period - Slapshot by Martin Chromiak.
9:40 of 3rd period - Goal by Martin Chromiak - San Jose Barracuda : 5 - Ontario Reign : 2.
9:41 of 3rd period - Jaret Anderson-Dolan wins face-off versus Ryan Carpenter in neutral zone.
9:50 of 3rd period - Jacob Moverare is hit by Ryan Carpenter and loses puck.
9:55 of 3rd period - Snap shot by William Eklund.
9:55 of 3rd period - Stopped by Zach Fucale without a rebound.
9:56 of 3rd period - Tyson Jost wins face-off versus Ryan Carpenter in Ontario Reign zone.
10:04 of 3rd period - Slapshot by Martin Kaut.
10:04 of 3rd period - Stopped by Zach Fucale with a rebound.
10:06 of 3rd period - Slapshot by Kyle Burroughs.
10:06 of 3rd period - Shot Blocked by Tobias Bjornfot.
10:08 of 3rd period - Snap shot by Martin Kaut.
10:08 of 3rd period - Shot Blocked by Tobias Bjornfot.
10:10 of 3rd period - Slapshot by Martin Kaut.
10:10 of 3rd period - Stopped by Zach Fucale with a rebound.
10:12 of 3rd period - Snap shot by Radim Simek.
10:12 of 3rd period - Shot Blocked by Tobias Bjornfot.
10:27 of 3rd period - Brandt Clarke is hit by Scott Sabourin and loses puck.
10:32 of 3rd period - Snap shot by Kyle Burroughs.
10:32 of 3rd period - Stopped by Zach Fucale with a rebound.
10:34 of 3rd period - Snap shot by Scott Sabourin.
10:34 of 3rd period - Stopped by Zach Fucale with a rebound.
10:48 of 3rd period - Nathan Todd is hit by Martin Chromiak and loses puck.
10:55 of 3rd period - Snap shot by Jaret Anderson-Dolan.
10:55 of 3rd period - Shot Misses the Net.
11:47 of 3rd period - Blade Jenkins is hit by Taylor Ward and loses puck.
12:34 of 3rd period - Leon Gawanke is hit by Taylor Ward and loses puck.
12:45 of 3rd period - Wrist shot by Jaret Anderson-Dolan.
12:45 of 3rd period - Shot Blocked by Leon Gawanke.
12:47 of 3rd period - Wrist shot by Jaret Anderson-Dolan.
12:47 of 3rd period - Shot Misses the Net.
13:09 of 3rd period - Wrist shot by Scott Sabourin.
13:09 of 3rd period - Shot Misses the Net.
13:11 of 3rd period - Slapshot by Leon Gawanke.
13:11 of 3rd period - Shot Misses the Net.
13:13 of 3rd period - Snap shot by Scott Sabourin.
13:13 of 3rd period - Goal by Scott Sabourin - San Jose Barracuda : 6 - Ontario Reign : 2.
13:14 of 3rd period - Ryan Carpenter wins face-off versus Tyson Jost in neutral zone.
13:20 of 3rd period - Minor Penalty to Hayden Hodgson for Slashing.
13:21 of 3rd period - Ryan Carpenter wins face-off versus Tyson Jost in Ontario Reign zone.
13:38 of 3rd period - Snap shot by Martin Kaut.
13:38 of 3rd period - Shot Blocked by Jacob Moverare.
15:10 of 3rd period - Nick Cicek is hit by Jaret Anderson-Dolan and loses puck.
15:20 of 3rd period - Penalty to Hayden Hodgson is over, Hayden Hodgson is back on ice.
15:23 of 3rd period - Snap shot by Scott Sabourin.
15:23 of 3rd period - Shot Misses the Net.
15:38 of 3rd period - Snap shot by Jaret Anderson-Dolan.
15:38 of 3rd period - Goal by Jaret Anderson-Dolan - San Jose Barracuda : 6 - Ontario Reign : 3.
15:39 of 3rd period - Tyson Jost wins face-off versus Ryan Carpenter in neutral zone.
15:46 of 3rd period - Wrist shot by Brandt Clarke.
15:46 of 3rd period - Stopped by Eetu Makiniemi without a rebound.
15:47 of 3rd period - Tyson Jost wins face-off versus Ryan Carpenter in San Jose Barracuda zone.
15:56 of 3rd period - Slapshot by Jordan Spence.
15:56 of 3rd period - Stopped by Eetu Makiniemi without a rebound.
15:57 of 3rd period - Ryan Carpenter wins face-off versus Tyson Jost in San Jose Barracuda zone.
16:03 of 3rd period - Minor Penalty to Kyle Burroughs for Close Hand On Puck.
16:04 of 3rd period - Ryan Carpenter wins face-off versus Mikhail Maltsev in San Jose Barracuda zone.
16:17 of 3rd period - Snap shot by Ryan Carpenter.
16:17 of 3rd period - Shot Misses the Net.
16:33 of 3rd period - Jaret Anderson-Dolan is hit by William Eklund and loses puck.
18:03 of 3rd period - Penalty to Kyle Burroughs is over, Kyle Burroughs is back on ice.
18:17 of 3rd period - Snap shot by Tristen Robins.
18:17 of 3rd period - Shot Misses the Net.
18:27 of 3rd period - Wrist shot by William Eklund.
18:27 of 3rd period - Goal by William Eklund - San Jose Barracuda : 7 - Ontario Reign : 3.
18:28 of 3rd period - Jaret Anderson-Dolan wins face-off versus Ryan Carpenter in neutral zone.
18:28 of 3rd period - Jaret Anderson-Dolan is hit by Ryan Carpenter.
18:32 of 3rd period - Snap shot by T.J. Tynan.
18:32 of 3rd period - Shot Misses the Net.
18:34 of 3rd period - Slapshot by Jaret Anderson-Dolan.
18:34 of 3rd period - Shot Misses the Net.
18:36 of 3rd period - Wrist shot by Martin Chromiak.
18:36 of 3rd period - Stopped by Eetu Makiniemi without a rebound.
18:37 of 3rd period - Ryan Carpenter wins face-off versus Jaret Anderson-Dolan in San Jose Barracuda zone.
18:52 of 3rd period - Slapshot by T.J. Tynan.
18:52 of 3rd period - Shot Misses the Net.
18:54 of 3rd period - Slapshot by Martin Chromiak.
18:54 of 3rd period - Deflect By T.J. Tynan.
18:54 of 3rd period - Stopped by Eetu Makiniemi without a rebound.
18:55 of 3rd period - Tristen Robins wins face-off versus Tyson Jost in San Jose Barracuda zone.
19:39 of 3rd period - Slapshot by Radim Simek.
19:39 of 3rd period - Stopped by Zach Fucale without a rebound.
19:40 of 3rd period - Scott Sabourin wins face-off versus Alex Turcotte in Ontario Reign zone.
Goals for this period are 6 for San Jose Barracuda vs 2 for Ontario Reign.
Shots for this period are 21 for San Jose Barracuda vs 8 for Ontario Reign.